 Dungeon Crawl Stone Soup version 0.30-a0-313-gae38170b09 (webtiles) character file.

Game seed: 18281012355023008312

37 Devinter the Slasher (level 3, -4/29 HPs)
             Began as a Demonspawn Monk on Oct 26, 2022.
             Slain by a gnoll
             ... wielding a +0 spear
              (8 damage)
             ... on level 2 of the Dungeon.
             The game lasted 00:06:35 (834 turns).

Devinter the Slasher (Demonspawn Monk)               Turns: 834, Time: 00:06:36

Health: -4/29      AC:  4    Str: 11    XL:     3   Next: 23%
Magic:  2/4        EV: 13    Int: 11    God:
Gold:   87         SH:  0    Dex: 17    Spells: 3/3 levels left

rFire   . . .      SeeInvis .    a - +0 falchion
rCold   . . .      Faith    .    (no shield)
rNeg    . . .      Spirit   .    b - +0 robe
rPois   .          Reflect  .    (no helmet)
rElec   .          Harm     .    (no cloak)
rCorr   .          Rampage  .    (no gloves)
Will    .....                    (no boots)
Stlth   ++........               (no amulet)
HPRegen 0.24/turn                (no ring)
MPRegen 0.09/turn                (no ring)

@: no status effects
A: icy blue scales 1, demonic guardian 1
a: no special abilities


You were on level 2 of the Dungeon.
You visited 1 branch of the dungeon, and saw 2 of its levels.

You collected 87 gold pieces.

Inventory:

Hand Weapons
 a - a +0 falchion (weapon)
Missiles
 e - a throwing net (quivered)
 m - 4 boomerangs
Armour
 b - a +0 robe (worn)
Scrolls
 d - a scroll of torment {unknown}
 f - a scroll of summoning {unknown}
 g - 2 scrolls of acquirement {unknown}
 h - 2 scrolls of fear {unknown}
 i - a scroll of poison {unknown}
 j - 4 scrolls of identify {unknown}
 l - a scroll of noise {unknown}
Potions
 c - 2 potions of ambrosia
 k - a potion of might {unknown}
 n - a potion of attraction {unknown}


   Skills:
 - Level 3.0 Fighting
 * Level 3.3 Long Blades
 - Level 3.0 Dodging
 - Level 2.0 Stealth
 + Level 0.8 Spellcasting
 + Level 0.7 Transmutations


You had 3 spell levels left.
You didn't know any spells.
Your spell library contained the following spells:

 Spells                   Type           Power      Damage    Failure   Level
 Beastly Appendage        Tmut           4%         N/A       24%         1
 Apportation              Tloc           0%         N/A       32%         1
 Necrotise                Necr           0%         1d4       32%         1
 Summon Small Mammal      Summ           0%         N/A       32%         1
 Wereblood                Tmut           2%         N/A       36%         2
 Spider Form              Tmut/Pois      1%         N/A       63%         3


Dungeon Overview and Level Annotations

Branches:
Dungeon (2/15)

Altars:


Innate Abilities, Weirdness & Mutations

You are partially covered in icy blue scales. (AC +2)
A weak demonic guardian rushes to your aid.


Message History

The gnoll closely misses you.
You closely miss the gnoll.
The gnoll is heavily wounded.
The gnoll barely misses you.
The gnoll hits you from afar with a +0 spear.
You completely miss the gnoll.
The gnoll is heavily wounded.
The gnoll hits you but does no damage. The gnoll misses you.
You hit the gnoll.
You kill the gnoll!
The gnoll hits you from afar with a +0 spear.
You have reached level 3!
Your experience leads to an increase in your attributes!
Increase (S)trength, (I)ntelligence, or (D)exterity?
You feel agile. x2; Your demonic ancestry asserts itself...
You feel the presence of a demonic guardian.
You completely miss the gnoll. The gnoll closely misses you.
The gnoll barely misses you.
You closely miss the gnoll. The gnoll misses you. The gnoll barely misses you.
The gnoll hits you with a +0 spear.
The gnoll hits you from afar with a +0 spear.
You barely miss the gnoll. The gnoll misses you.
The gnoll hits you from afar with a +0 spear.
You hit the gnoll.
The gnoll is lightly wounded.
The gnoll completely misses you. The gnoll hits you with a +0 spear.
You slash the gnoll!
The gnoll is severely wounded.
The gnoll barely misses you. The gnoll misses you.
You barely miss the gnoll.
The gnoll is severely wounded.
The gnoll barely misses you.
The gnoll hits you from afar with a +0 spear!
* * * LOW HITPOINT WARNING * * *
The gnoll hits you from afar with a +0 spear.
* * * LOW HITPOINT WARNING * * *
A demonic guardian appears!
There is a stone staircase leading up here.
The gnoll hits you from afar with a +0 spear!
You die...

## ...
.... .....
####......
#g..gg.g..
#g###.....
#5.@# +..
#####


You could see a gnoll (ally target) and a friendly shadow imp (summoned).

Vanquished Creatures
  A gnoll (D:2)
  2 dart slugs (D:1)
  3 ball pythons (D:1)
  An endoplasm (D:1)
  2 giant cockroaches (D:1)
  2 goblins (D:1)
  2 hobgoblins (D:1)
  2 jackals (D:1)
  2 kobolds (D:1)
  2 bats (D:1)
  2 frilled lizards (D:1)
  2 rats (D:1)
23 creatures vanquished.

Notes
Turn   | Place    | Note
-------+----------+-------------------------------------------
     0 | D:1      | Devinter the Demonspawn Monk began the quest for the Orb.
     0 | D:1      | Reached XP level 1. HP: 18/18 MP: 1/1
   124 | D:1      | Reached skill level 2 in Stealth
   231 | D:1      | Gained mutation: You are partially covered in icy blue
                  | scales. (AC +2) [demonic ancestry]
   231 | D:1      | Reached XP level 2. HP: 8/24 MP: 2/2
   359 | D:1      | Reached skill level 3 in Long Blades
   421 | D:1      | Reached skill level 3 in Dodging
   827 | D:2      | Gained mutation: A weak demonic guardian rushes to your
                  | aid. [demonic ancestry]
   827 | D:2      | Reached XP level 3. HP: 22/29 MP: 2/4
   834 | D:2      | Slain by a gnoll

Illustrated notes

Levels and vault maps discovered:
D:1:      dpeg_arrival_tiny_k, layout_basic, chequers_serial_rivers_room_b,
          grunt_decor_arrowhead, st_stairs_7
D:2:      layout_basic, serial_shops, nicolae_shop_trees, uniq_jessica

Skill      XL: |  1  2 |
---------------+-------+-----
Stealth        | 2 |  2.0
Long Blades    | 3 |  3.3
Dodging        | 3 |  3.0
Fighting       | |  3.0
Spellcasting   | |  0.8
Transmutations | |  0.7

Action                   || total
-------------------------++-------
Melee: Falchion          ||    83
       Punch             ||     1
 Stab: Sleeping          ||     4
Armor: Robe              ||    25
Dodge: Dodged            ||    60

Table legend: (Time is in decaauts)
 A = Elapsed time spent in this place.
 B = Non-inter-level travel time spent in this place.
 C = Inter-level travel time spent in this place.
 D = Time resting spent in this place.
 E = Time spent auto-exploring this place.
 F = Levels seen in this place.
 G = Mean time per level.
                   A        B        C        D        E       F      G
               +--------+--------+--------+--------+--------+-----+--------+
         Total |    846 |    833 |     13 |    146 |     92 |   2 |  423.0 |
       Dungeon |    846 |    833 |     13 |    146 |     92 |   2 |  423.0 |
               +--------+--------+--------+--------+--------+-----+--------+

Top non-repeatable levels by time:
     D:1: 826 daAuts
     D:2: 20 daAuts
